 Dungeon Crawl Stone Soup version 0.23.1 (webtiles) character file.

Game seed: 17367320606599827114

142 Honeythief the Slasher (level 5, 0/42 HPs)
             Began as a Demonspawn Chaos Knight on Mar 9, 2019.
             Was a Plaything of Xom.
             Succumbed to an adder's poison
             ... on level 2 of the Dungeon.
             The game lasted 00:13:25 (1674 turns).

Honeythief the Slasher (Demonspawn Chaos Knight)    Turns: 1674, Time: 00:13:26

Health: 0/42       AC:  6    Str: 13    XL:     5   Next: 4%
Magic:  5/5        EV: 12    Int: 16    God:    Xom [*.....]
Gold:   27         SH:  0    Dex: 12    Spells: 4/4 levels left

rFire    . . .     SeeInvis .   a - +0 falchion (chaos)
rCold    . . .     Gourm    .   (no shield)
rNeg     . . .     Faith    .   b - +2 leather armour
rPois    .         Spirit   .   d - +0 helmet
rElec    .         Reflect  .   (no cloak)
rCorr    .         Harm     .   (no gloves)
MR       .....                  (no boots)
Stlth    +.........             (no amulet)
HPRegen  0.14/turn              e - ring of flight
MPRegen  0.09/turn              (no ring)

@: lethally poisoned (0 -> -8)
A: clever 1, foul stench 1, powered by death 1, evolution 1, rot immunity,
MP-powered wands, sturdy frame 1
a: Renounce Religion, Evoke Flight


You were on level 2 of the Dungeon.
You worshipped Xom.
You were a special plaything of Xom.
You were hungry.

You visited 1 branch of the dungeon, and saw 2 of its levels.

You collected 27 gold pieces.

Inventory:

Hand Weapons
 a - a +0 falchion of chaos (weapon)
 h - a +0 hunting sling
Armour
 b - a +2 leather armour (worn)
 d - a +0 helmet (worn)
Jewellery
 e - a ring of flight (left hand)
Comestibles
 c - 2 rations


   Skills:
 + Level 3.9 Fighting
 + Level 3.9 Long Blades
 + Level 2.4 Armour
 + Level 1.7 Dodging
 + Level 0.5 Stealth


You had 4 spell levels left.
You didn't know any spells.
Your spell library was empty.

Dungeon Overview and Level Annotations

Branches:
Dungeon (2/15)

Altars:
Yredelemnul


Innate Abilities, Weirdness & Mutations

You may emit foul miasma when damaged in melee.
You regenerate a little health from kills.
You are immune to rotting.
Your movements are slightly less encumbered by armour. (ER -2)
Your mind is acute. (Int +2)
You evolve.
You expend magic power (3 MP) to strengthen your wands.


Message History

* * * LOW HITPOINT WARNING * * *
* * * LOW HITPOINT WARNING * * *
You feel sick. The adder bites you but does no damage.
The adder barely misses you.
You riposte.
You miss the adder.
The adder is almost dead.
* * * LOW HITPOINT WARNING * * *
You feel sick.
You are feeling hungry.
* * * LOW HITPOINT WARNING * * *
You feel sick.
* * * LOW HITPOINT WARNING * * *
You feel sick.
* * * LOW HITPOINT WARNING * * *
You feel sick.
* * * LOW HITPOINT WARNING * * *
You feel sick.
* * * LOW HITPOINT WARNING * * *
You feel sick.
You die...
Xom giggles madly!

###### .)...#
.###.##### .# #.....#
.###.###.# ##### .....#
#.#########...##
##[#####.##...........#
##..............@.....#
............#####.....#
.#####.###### #..4..##
.# #.# #.##.## .# #.#
#.##S# .# #.# #.##.# .#
#.# #.##.## .# #.#
#.#...# ## #.# #..###.#


You could see an ice devil and an adder (berserk).

Vanquished Creatures
  Jessica (D:2)
  Natasha (thrice) (D:2)
  2 dart slugs (D:1)
  2 leopard geckos (D:1)
  2 ball pythons
  3 giant cockroaches (D:1)
  3 goblins
  2 hobgoblins (D:2)
  8 jackals (D:2)
  2 kobolds (D:2)
  A quokka (D:2)
  5 bats
  2 frilled lizards
  2 rats
38 creatures vanquished.

Notes
Turn   | Place    | Note
-------+----------+-------------------------------------------
     0 | D:1      | Honeythief the Demonspawn Chaos Knight began the quest for
                  | the Orb.
     0 | D:1      | Reached XP level 1. HP: 18/18 MP: 1/1
   221 | D:1      | XOM: divination: detect creatures
   266 | D:1      | Gained mutation: You are immune to rotting. [demonic
                  | ancestry]
   266 | D:1      | Reached XP level 2. HP: 24/24 MP: 2/2
   354 | D:1      | Reached skill level 1 in Dodging
   840 | D:1      | XOM: harmless Pois miscast
   936 | D:2      | Found a basalt altar of Yredelemnul.
   936 | D:2      | Noticed Natasha
   942 | D:2      | Killed Natasha
   942 | D:2      | Gained mutation: Your movements are slightly less
                  | encumbered by armour. (ER -2) [demonic ancestry]
   942 | D:2      | Reached XP level 3. HP: 23/29 MP: 3/3
   977 | D:2      | Gained mutation: You expend magic power (3 MP) to
                  | strengthen your wands. [potion of mutation]
   977 | D:2      | Gained mutation: You evolve. [potion of mutation]
   977 | D:2      | Gained mutation: Your mind is acute. (Int +2) [potion of
                  | mutation]
  1192 | D:2      | Noticed Jessica
  1204 | D:2      | XOM: harmless Erth miscast
  1221 | D:2      | Killed Jessica
  1221 | D:2      | Gained mutation: You may emit foul miasma when damaged in
                  | melee. [demonic ancestry]
  1221 | D:2      | Reached XP level 4. HP: 36/36 MP: 4/4
  1269 | D:2      | Noticed Natasha
  1274 | D:2      | Killed Natasha
  1318 | D:2      | Noticed Natasha
  1353 | D:2      | Killed Natasha
  1353 | D:2      | Gained mutation: You regenerate a little health from kills.
                  | [demonic ancestry]
  1353 | D:2      | Reached XP level 5. HP: 25/42 MP: 5/5
  1496 | D:2      | XOM: 4-stop teleportation journey
  1664 | D:2      | XOM: medium Summ miscast
  1665 | D:2      | Noticed an ice devil
  1672 | D:2      | HP: 2/42 [poisoned by an adder]
  1674 | D:2      | Succumbed to an adder's poison

Skill      XL: |  1  2 |
---------------+-------+-----
Long Blades    | 3 |  3.9
Dodging        | 1 |  1.7
Armour         | 2 |  2.4
Fighting       | |  3.9
Stealth        | |  0.5

Action                   |  1- 3 |  4- 6 || total
-------------------------+-------+-------++-------
Melee: Falchion          |    66 |    47 ||   113
  Use: Scroll            |     3 |       ||     3
       Potion            |     2 |     3 ||     5
 Stab: Sleeping          |     1 |       ||     1
  Eat: Chunk             |     1 |     1 ||     2
Armor: Leather armour    |    41 |    24 ||    65
Dodge: Dodged            |    42 |    34 ||    76
       Rpst.: Falchion   |    12 |    12 ||    24
